 Dungeon Crawl Stone Soup version 0.14-a0-3424-g5348755 (webtiles) character file.

46 MrRokkomies the Ruffian (level 3, -4/28 HPs)
             Began as a Draconian Transmuter on Mar 22, 2014.
             Killed from afar by Sigmund (8 damage)
             ... with a magic dart
             ... on Level 1 of the Dungeon.
             The game lasted 00:03:15 (1285 turns).

MrRokkomies the Ruffian (Draconian Transmuter)      Turns: 1285, Time: 00:03:15

HP  -4/28        AC  5     Str 12      XL: 3   Next: 16%
MP   6/6         EV 12     Int 14      God:
Gold 11          SH  0     Dex 11      Spells:  2 memorised,  2 levels left

rFire  . . .     SeeInvis .       - Unarmed
rCold  . . .     Clarity  .     (armour unavailable)
rNeg   . . .     Conserve .     (no shield)
rPois  .         rCorr    .     (helmet restricted)
rElec  .         rRot     .     (no cloak)
SustAb . .       Spirit   .     (no gloves)
rMut   .         Warding  .     (no boots)
Saprov . . .     Stasis   .     (no amulet)
MR     .....                    (no ring)
                                k - ring of sustenance

@: not resistant to hostile enchantments, unstealthy
A: unfitting armour, AC +5
a: no special abilities


You were on level 1 of the Dungeon.
You were not hungry.

You visited 1 branch of the dungeon, and saw 2 of its levels.

You collected 11 gold pieces.

Inventory:

Hand weapons
 f - a +0,+0 short sword of speed
 g - a +2,+0 dagger of venom
Missiles
 b - 12 arrows
 l - a poisoned dart (quivered)
Comestibles
 a - a bread ration
Scrolls
 c - a scroll of remove curse
 i - a scroll of magic mapping {unknown}
 j - a scroll of noise {unknown}
Jewellery
 k - a ring of sustenance (left hand)
Books
 d - a book of Changes

   Spells                             Type                      Level
   *Beastly Appendage                 Transmutation                1
   Sticks to Snakes                   Transmutation                2
   *Spider Form                       Transmutation/Poison         3
   Ice Form                           Ice/Transmutation            4
   Blade Hands                        Transmutation                5


   Skills:
 - Level 1.1 Fighting
 - Level 1.7 Dodging
 + Level 3.9 Unarmed Combat
 - Level 2.0 Spellcasting
 * Level 2.6 Transmutations


You had 2 spell levels left.
You knew the following spells:

 Your Spells              Type           Power        Failure   Level  Hunger
a - Beastly Appendage     Trmt           #.....       10%         1    ##.....
b - Spider Form           Trmt/Pois      #.........   47%         3    ####...


Dungeon Overview and Level Annotations

Branches:
Dungeon (2/15)

Altars:

Annotations:
D:1 Sigmund


Message History

Press: ? - help, Shift-Dir - straight line, f/p - Sigmund
Aim: Sigmund, wielding a scythe and wearing a robe (heavily wounded)
You throw a poisoned dart. The poisoned dart hits Sigmund.
Sigmund is poisoned.
Sigmund is heavily wounded.
Sigmund casts a spell.
Sigmund flickers and vanishes!
Deactivating autopickup; reactivate with Ctrl-A.
Throwing (i - inventory):
l - 2 poisoned darts (quivered)
Press: ? - help, Shift-Dir - straight line, f - you
Okay, then.
The puff of flame hits you!
Your scroll of identify catches fire!
You see here a dagger.
The puff of flame hits you!
* * * LOW HITPOINT WARNING * * *
The magic dart hits you!
* * * LOW HITPOINT WARNING * * *
Throwing (i - inventory):
l - 2 poisoned darts (quivered)
Press: ? - help, Shift-Dir - straight line You throw a poisoned dart.
The magic dart hits you!
You die...

#.#>#.#......# #.# #.#.#.#......#
#.## #>#.#.#......# #...
#.#.#.#......# #.##
#.#)#.#......# #.# #.#)#.#......#
#.# #.#.#........##########.##
########.#.###...................
................@..).{..(.....)..
########.#.############(.........
# #............#####.......... #
#......................(....
######............###############
............%.....# #
...%..............# #
..................# #
..................# #


There were no monsters in sight!

Vanquished Creatures
  A gnoll (D:1)
  A giant gecko (D:1)
  A ball python (D:1)
  A bat (D:1)
  A giant cockroach (D:1)
  4 hobgoblins (D:1)
  6 kobolds (D:1)
  3 goblins (D:1)
  5 rats (D:1)
23 creatures vanquished.

Notes
Turn   | Place    | Note
--------------------------------------------------------------
     0 | D:1      | MrRokkomies, the Draconian Transmuter, began the quest for the Orb.
     0 | D:1      | Reached XP level 1. HP: 16/16 MP: 3/3
   311 | D:1      | Reached XP level 2. HP: 20/23 MP: 4/4
   749 | D:1      | Reached XP level 3. HP: 28/28 MP: 6/6
   756 | D:1      | Learned a level 3 spell: Spider Form
   993 | D:2      | Noticed Sigmund
  1285 | D:1      | Killed from afar by Sigmund

Action                   || total
-------------------------++-------
Melee: Unarmed           ||    86
Throw: Dart              ||     7
 Cast: Beastly Appendage ||     4
  Use: Scroll            ||     3
